 Dungeon Crawl Stone Soup version 0.29.1-2-gbd0b4ee654 (webtiles) character file.

Game seed: 2908302224502110686

56 Arcadio the Insei (level 3, 0/27 HPs)
             Began as a Merfolk Transmuter on Oct 26, 2022.
             Slain by an iguana (3 damage)
             ... on level 4 of the Dungeon.
             The game lasted 00:09:20 (3734 turns).

Arcadio the Insei (Merfolk Transmuter)              Turns: 3734, Time: 00:09:21

Health: 0/27       AC:  6    Str: 10    XL:     3   Next: 97%
Magic:  13/15      EV: 13    Int: 14    God:
Gold:   706        SH:  0    Dex: 14    Spells: 2/7 levels left

rFire   x . .      SeeInvis .   b - +0 dagger (protect)
rCold   + . .      Faith    .   (no shield)
rNeg    . . .      Spirit   .   f - +0 robe
rPois   .          Reflect  .   p - +0 helmet
rElec   .          Harm     .   h - +1 cloak
rCorr   .          Rampage  .   (no gloves)
Will    .....                   s - +0 pair of boots
Stlth   +.........              (no amulet)
HPRegen 0.09/turn               n - ring of magical power
MPRegen 0.14/turn               u - ring of ice

@: very slightly contaminated
A: (nimble swimmer 2), mertail
a: no special abilities


You were on level 4 of the Dungeon.
You visited 1 branch of the dungeon, and saw 4 of its levels.

You collected 706 gold pieces.

Inventory:

Hand Weapons
 a - a +0 sling
 b - a +0 dagger of protection (weapon)
 g - a +0 short sword
Armour
 f - a +0 robe (worn)
 h - a +1 cloak (worn)
 m - a +0 ring mail
 p - a +0 helmet (worn)
 s - a +0 pair of boots (worn)
Jewellery
 n - a ring of magical power (left hand)
 u - a ring of ice (right hand)
Scrolls
 i - 2 scrolls of amnesia
 q - a scroll of teleportation
 r - a scroll of enchant armour {unknown}
Potions
 c - a potion of berserk rage {unknown}
 d - a potion of lignification
 k - a potion of might
 l - 4 potions of curing
 o - a potion of attraction
 t - a potion of ambrosia


   Skills:
 + Level 2.0 Fighting
 + Level 3.4 Dodging
 - Level 3.5 Unarmed Combat
 + Level 2.5 Spellcasting
 + Level 3.5 Transmutations


You had 2 spell levels left.
You knew the following spells:

 Your Spells              Type           Power      Damage    Failure   Level
a - Beastly Appendage     Tmut           22%        N/A       5%          1
b - Wereblood             Tmut           11%        N/A       9%          2
c - Blink                 Tloc           2%         N/A       34%         2

Your spell library contained the following spells:

 Spells                   Type           Power      Damage    Failure   Level
 Spider Form              Tmut/Pois      6%         N/A       32%         3
 Inner Flame              Hex/Fire       1%         N/A       56%         3
 Ice Form                 Ice/Tmut       9%         N/A       73%         4
 Cause Fear               Hex            0%         N/A       92%         4
 Manifold Assault         Tloc           1%         N/A       99%         5
 Storm Form               Tmut/Air       3%         N/A       100%        7
 Discord                  Hex            0%         N/A       100%        8


Dungeon Overview and Level Annotations

Branches:
Dungeon (4/15) Zot: 20283
 Temple: D:4-7

Altars:

Shops:
D:3 (

Annotations:
D:3 Grinder


Innate Abilities, Weirdness & Mutations

((You are very nimble when in or above water. (Stealth+, EV+, Speed+++)))
Your lower body shifts to a powerful aquatic tail in water.


Message History

The iguana misses you.
You hit the iguana but do no damage. The iguana misses you.
You hit the iguana but do no damage.
The iguana bites you but does no damage.
You barely miss the iguana. The iguana closely misses you.
You hit the iguana.
The iguana is lightly wounded.
The iguana bites you but does no damage.
You barely miss the iguana.
The iguana is lightly wounded.
The iguana bites you but does no damage.
You hit the iguana but do no damage. You punch the iguana.
The iguana is lightly wounded.
The iguana bites you but does no damage.
You barely miss the iguana.
The iguana is lightly wounded.
The iguana misses you.
You hit the iguana but do no damage.
The iguana is lightly wounded.
The iguana bites you!
You hit the iguana.
The iguana is heavily wounded.
The iguana bites you!
You barely miss the iguana.
The iguana is heavily wounded.
The iguana closely misses you. The iguana attacks as you move away!
The iguana closely misses you. The iguana attacks as you move away!
The iguana bites you.
You closely miss the iguana.
The iguana is heavily wounded.
The iguana bites you!
* * * LOW HITPOINT WARNING * * *
The iguana attacks as you move away! The iguana barely misses you.
Casting: Beastly Appendage (safe; 5% risk of failure)
Confirm with . or Enter, or press ? or * to list all spells.
The spell is quite dangerous to miscast (34% risk of failure)!
Continue anyway?
You miscast Blink.
You are very lightly contaminated with residual magic.
Nothing appears to happen.
The iguana bites you.
You die...

..##..##.##........#
..##..##...........#
...#. #...#.......##
#.... #######......#
..>. ####......#
.........####
.#.........#
...#.........#
#......@l#..##
.......###..#
...#####....# .
#...## ##...# #..##
#......# ###....#
###.##


You could see an iguana.

Vanquished Creatures
  An adder (D:3)
  A dart slug (D:2)
  3 endoplasms
  2 giant cockroaches
  4 goblins
  6 hobgoblins
  3 jackals (D:1)
  3 kobolds
  7 ball pythons
  3 bats
  2 frilled lizards (D:1)
  6 rats
41 creatures vanquished.

Notes
Turn   | Place    | Note
-------+----------+-------------------------------------------
     0 | D:1      | Arcadio the Merfolk Transmuter began the quest for the Orb.
     0 | D:1      | Reached XP level 1. HP: 15/15 MP: 3/3
   345 | D:1      | Reached XP level 2. HP: 21/21 MP: 5/5
  1078 | D:1      | Reached XP level 3. HP: 22/26 MP: 6/6
  1081 | D:1      | Learned a level 2 spell: Wereblood
  1084 | D:1      | Learned a level 2 spell: Blink
  2203 | D:3      | Found Baqiosem's Antique Weapon Shoppe.
  2725 | D:3      | Noticed Grinder
  3058 | D:3      | Identified a scroll of acquirement
  3060 | D:3      | Acquired 640 gold pieces
  3248 | D:3      | Paralysed by Grinder for 4 turns
  3734 | D:4      | Slain by an iguana

Illustrated notes

Levels and vault maps discovered:
D:1:      saegor_arrival_under_anarchy, layout_loops_corners,
          minmay_misc_feat_roman, minmay_statues_item
D:2:      layout_basic
D:3:      layout_basic, serial_shops, shop, uniq_grinder
D:4:      layout_cave_pools

Skill      XL: |  1  2  3 |
---------------+----------+-----
Dodging        | 3 |  3.4
Transmutations | 3 |  3.5
Fighting       | 2 |  2.0
Unarmed Combat | |  3.5
Spellcasting   | |  2.5

Action                   || total
-------------------------++-------
Melee: Short sword       ||    15
       Dagger            ||   212
       Punch             ||    10
 Fire: Sling             ||     8
 Cast: Beastly Appendage ||     3
  Use: Scroll            ||    10
       Potion            ||     1
 Stab: Sleeping          ||     3
       Distracted        ||     1
Armor: Robe              ||    76
Dodge: Dodged            ||   144
